Workbook
Name ADM_CENTRAL: #REF!
Name ADM_CENTRAL: #REF!
Name ADM_LOCAL: #REF!
Name ADM_LOCAL: #REF!
Name BDI_CD_MATBETUM: '[1]BDI (MAT BETUM)'!$D$25
Name BDI_GERAL: #REF!
Name BDI_GERAL: #REF!
Name BDI_SERV_TERC: #REF!
Name BDI_SERV_TERC: #REF!
Name CHECAGEM: CHOOSE([2]PARÂMETROS!$A$7,[2]PARÂMETROS!$B$7)
Name COFINS: #REF!
Name COFINS: #REF!
Name CUSTO_UNIT_100000: '[1]100000'!$J$46
Name CUSTO_UNIT_100001: '[1]100001'!$J$51
Name CUSTO_UNIT_100002: '[1]100002'!$J$44
Name CUSTO_UNIT_100003: '[1]100003'!$J$46
Name CUSTO_UNIT_100004: '[1]100004'!$J$58
Name CUSTO_UNIT_100005: '[1]100005'!$J$43
Name CUSTO_UNIT_100006: '[1]100006'!$J$43
Name CUSTO_UNIT_100007: '[1]100007'!$J$42
Name CUSTO_UNIT_100008: '[1]100008'!$J$42
Name CUSTO_UNIT_100009: '[1]100009'!$J$42
Name CUSTO_UNIT_100010: '[1]100010'!$J$53
Name CUSTO_UNIT_100011: '[1]100011'!$J$44
Name CUSTO_UNIT_100012: '[1]100012'!$J$47
Name CUSTO_UNIT_100013: '[1]100013'!$J$53
Name CUSTO_UNIT_100014: '[1]100014'!$J$46
Name CUSTO_UNIT_100015: '[1]100015'!$J$51
Name CUSTO_UNIT_100016: '[1]100016'!$J$45
Name CUSTO_UNIT_2S0110009A: '[1]2 S 01 100 09 A'!$J$45
Name CUSTO_UNIT_2S0110020A: '[1]2 S 01 100 20 A'!$J$45
Name CUSTO_UNIT_2S0230000A: '[1]2 S 02 300 00 A'!$J$44
Name CUSTO_UNIT_2S0240000A: '[1]2 S 02 400 00 A'!$J$44
Name CUSTO_UNIT_2S0254001A: '[1]2 S 02 540 01 A'!$J$46
Name CUSTO_UNIT_2S0332951A: '[1]2 S 03 329 51 A'!$J$46
Name CUSTO_UNIT_5S0110020A: '[1]5 S 01 100 20 A'!$J$45
Name CUSTO_UNIT_99997: '[1]99997'!$J$46
Name CUSTO_UNIT_99999: '[1]99999'!$J$54
Name DESP_FINANC: #REF!
Name DESP_FINANC: #REF!
Name FATOR_CORR_PAVIM: '[1]PREÇOS MAT BETUM'!$E$87
Name GARANTIAS: #REF!
Name GARANTIAS: #REF!
Name ISS: #REF!
Name ISS: #REF!
Name LUCRO: #REF!
Name LUCRO: #REF!
Name PIS: #REF!
Name PIS: #REF!
Name RISCOS: #REF!
Name RISCOS: #REF!
Name SUBTOTAL_01: '[1]PSP-PAV_DREN_OAE EPIG'!$I$9
Name SUBTOTAL_02: '[1]PSP-PAV_DREN_OAE EPIG'!$I$46
Name SUBTOTAL_03: '[1]PSP-PAV_DREN_OAE EPIG'!$I$72
Name SUBTOTAL_04: '[1]PSP-PAV_DREN_OAE EPIG'!$I$83
Name SUBTOTAL_05: '[1]PSP-PAV_DREN_OAE EPIG'!$I$130
Name SUBTOTAL_06: '[1]PSP-PAV_DREN_OAE EPIG'!$I$169
Name SUBTOTAL_07: '[1]PSP-PAV_DREN_OAE EPIG'!$I$196
Name SUBTOTAL_08: '[1]PSP-PAV_DREN_OAE EPIG'!$I$303
Name SUBTOTAL_09: '[1]PSP-PAV_DREN_OAE EPIG'!$I$318

Sheet Original
B1: Serviços topográficos | C1: Unidade | D1: Quantidade | E1: Custo Unitário | F1: Custo total
B2: ART da obra | C2: unid | D2: 1 | E2: 158.08 | F2: =D2*E2 -> 158.08
A3: Total da etapa | F3: =F2 -> 158.08
B4: Barracao (2,2 x 6,20m) | C4: m2 | D4: =2.2*6.2*41 -> 559.24 | E4: 143.67 | F4: =D4*E4 -> 80346.011
G5: Falta Mob/Desmob
B6: Placas (1,00 x 1,50 m) | C6: m2 | D6: 61.5 | E6: 118.63 | F6: =D6*E6 -> 7295.745 | G6: 41 unidades (não bate o quantitativo)
B8: Locação da obra
A9: 78472 | B9: Serviços topográficos | C9: m2 | D9: 63897.13 | E9: 0.34 | F9: =D9*E9 -> 21725.024 | G9: De toda a área
B11: Limpeza e preparo de área
A12: 74151/001 | B12: Limpeza, escavação e carga de material de 1a categoria, utilizando trator de esteiras com lâminca e pá carregadeira | C12: m3 | D12: =D27*0.2*1.25 -> 6920.15 | E12: 3.49 | F12: =D12*E12 -> 24151.323 | G12: Não tem limpeza no titulo original do serviço. Utilizou h=20cm e 25% de empolamento. Deveria ser 10cm sem empolamento
A13: 4101 | B13: Limpeza superficial de camada vegetal | C13: m2 | D13: =D23 -> 36216.53 | E13: 0.18 | F13: =D13*E13 -> 6518.9754 | G13: utilizou área do plantio de grama
A14: 72887 | B14: Transporte comercial com caminhão basculante | C14: m3 x km | D14: =D12*C42 -> 273345.92 | E14: 0.72 | F14: =D14*E14 -> 196809.07 | G14: Só utilizou o volume da escavação e carga. Deveria utilizar dos dois serviços anteriores. Deveria empolar.
B16: Aterro compactado
A17: 6077 | B17: Material para aterro/reaterro, sem transporte | C17: m3 | D17: =D12 -> 6920.15 | E17: 15.28 | F17: =D17*E17 -> 105739.89 | G17: Já está incluso no serviço de pavimentação com blocos.
A18: =A14 -> 72887 | B18: Transporte comercial com caminhão basculante 6m3 | C18: m3 x km | D18: =D17*C43 -> 34600.75 | E18: =E14 -> 0.72 | F18: =D18*E18 -> 24912.54 | G18: Deveria utilizar o volume necessário para compactar o mesmo volume da carga e transporte
A19: 41722 | B19: Compactação mecanica a 100% do proctor normal - Pavimentação urbana | C19: m3 | D19: =D27*0.2 -> 5536.12 | E19: 4.33 | F19: =D19*E19 -> 23971.4 | G19: Já está incluso no serviço de pavimentação com blocos.
A20: Total da etapa | F20: =SUM(F4:F19) -> 491469.98
B21: Arquitetura e elementos de urbanismo
B22: Vegetação
A23: 74236/001 | B23: Plantio de grama batatais em placas | C23: m2 | D23: 36216.53 | E23: 8.94 | F23: =D23*E23 -> 323775.78 | G23: Faltou manutenção/irrigação
B25: Pavimentação
A26: 4537 | B26: Cordão de Concreto | C26: m | D26: 18697.73 | E26: 10.78 | F26: =D26*E26 -> 201561.53
A27: 73764/004 | B27: Pavimentação (calçada) em blocos de concreto sextavado, espessura de 6,0cm FCK 35 MPA, assentados sobre colchão de areia | C27: m2 | D27: 27680.6 | E27: 42.67 | F27: =D27*E27 -> 1181131.2
A28: 5319 | B28: Piso com placa cimenticia de alta resistencia, podotátil direcional ou alerta, 40x40cm, E= 3mm | C28: m2 | D28: 63.36 | E28: 56.12 | F28: =D28*E28 -> 3555.7632
A29: Total da etapa | F29: =SUM(F23:F28) -> 1710024.3
A31: 9537 | B31: Limpeza final da obra | C31: m2 | D31: =D9 -> 63897.13 | E31: 1.54 | F31: =D31*E31 -> 98401.58 | G31: Limpeza com ácido muriático
A32: Total da etapa | F32: =F31 -> 98401.58
A34: 4083 | B34: Encarregado | C34: mês | D34: 6 | E34: =20.22/1.8487*1.493*220 -> 3592.5035 | F34: =D34*E34 -> 21555.021
A35: 2707 | B35: Engenheiro | C35: mês | D35: 6 | E35: =98.74/1.8487*1.493*220/2 -> 8771.6072 | F35: =D35*E35 -> 52629.643
A36: Total da etapa | F36: =SUM(F34:F35) -> 74184.664
A38: CUSTO TOTAL | F38: =F36+F32+F29+F20+F3 -> 2374238.6
A39: BDI (23,44%) | F39: =23.44%*F38 -> 556521.52
A40: PREÇO TOTAL DA OBRA | F40: =SUM(F38:F39) -> 2930760.1
B42: DMT Obra/Bota fora (km) | C42: 39.5
B43: DMT Jazida/Obra (km) | C43: 5

Sheet Planilha Estimativa
A3: PREFEITURA MUNICIPAL DE PILAR DO SUL
A4: SECRETARIA DE OBRAS, INFRAESTRUTURA E URBANISMO
A7: PROCESSO: | B7: ADEQUAÇÃO ACESSIBILIDADE E REFORMA DA BRINQUEDOTECA | I7: DATA-BASE: TABELAS DESONERADAS
A8: LOCAL: | B8: EMEF PROF. CÉLIA ANTUNES DE PROENÇA | I8: SINAPI | J8: DEZEMBRO/2020
I9: Leis Sociais: | J9: 85,06% (hora); 47,88% (mês)
I10: CPOS | J10: 180
I11: Leis Sociais: | J11: 98,38%
D12: PLANILHA ORÇAMENTÁRIA | I12: MERCADO | J12: FEVEREIRO/2021
H13: =J13+1 -> 1.2979 | I13: BDI | J13: 0.2979
A14: Item | B14: Código | C14: Fonte | D14: Descrição dos Serviços (material + mão de obra) | E14: Unidade | F14: Quant. | G14: Custo Unitário | H14: Custo Unitário C/ BDI 29,79% | I14: Memória de Cálculos | J14: Custo total
A15: 1 | B15: ADMINISTRAÇÃO LOCAL
A16: 1.1 | B16: 1 | C16: COMP. | D16: Administração Local | E16: vb | F16: 1 | G16: =Administração_Local!G12 -> 5678.4 | J16: =G16*F16 -> 5678.4
I17: SUB TOTAL | J17: =SUM(J16:J16) -> 5678.4
A19: 2 | B19: BANHEIRO ACESSÍVEL
A20: 2.1 | B20: 04.08.020 | C20: CPOS | D20: Retirada de folha de esquadria em madeira | E20: un | F20: 1 | G20: 15.47 | H20: =G20*$H$13 -> 20.078513 | I20: retirada da porta existente | J20: =F20*H20 -> 20.078513
A21: 2.2 | B21: 04.08.060 | C21: CPOS | D21: Retirada de batente com guarnição e peças lineares em madeira, chumbados | E21: m | F21: 4.9 | G21: 9.28 | H21: =G21*$H$13 -> 12.044512 | I21: perímetro da porta à ser retirada = 2,10 m + 2,10 m + 0,70 m = 4,90m | J21: =F21*H21 -> 59.018109
A22: 2.3 | B22: 04.11.020 | C22: CPOS | D22: Retirada de aparelho sanitário incluindo acessórios | E22: un | F22: 3 | G22: 30.5 | H22: =G22*$H$13 -> 39.58595 | I22: retirada de 01 lavatório + 01 bácia sanitária + 01 chuveiro | J22: =F22*H22 -> 118.75785
A23: 2.4 | B23: 03.04.020 | C23: CPOS | D23: Demolição manual de revestimento cerâmico, incluindo a base | E23: m² | F23: 10.8 | G23: 8.36 | H23: =G23*$H$13 -> 10.850444 | I23: demolição do revestimento de parede = 10,80m² | J23: =F23*H23 -> 117.1848
A24: 2.5 | B24: 03.02.040 | C24: CPOS | D24: Demolição manual de alvenaria de elevação ou elemento vazado, incluindo revestimento | E24: m³ | F24: 0.0315 | G24: 55.76 | H24: =G24*$H$13 -> 72.370904 | I24: demolição da alvenaria para instalação da nova porta = 0,10 m x 2,10 m x 0,15 m = 0,0315m³ | J24: =F24*H24 -> 2.2796835
A25: 2.6 | B25: 03.01.020 | C25: CPOS | D25: Demolição manual de concreto simples | E25: m³ | F25: 0.015 | G25: 153.34 | H25: =G25*$H$13 -> 199.01999 | I25: demolição do piso existente, para a execução da rampa de acesso ao banheiro PCD = 0,94 m x 0,40 m x 0,04 m = 0,015m³ | J25: =F25*H25 -> 2.9852998
A26: 2.7 | B26: 17.05.020 | C26: CPOS | D26: Piso com requadro em concreto simples sem controle de fck | E26: m³ | F26: 0.015 | G26: 595.86 | H26: =G26*$H$13 -> 773.36669 | I26: execução da rampa de acesso ao banheiro PCD = 0,94 m x 0,40 m x 0,04 m = 0,015m³ | J26: =F26*H26 -> 11.6005
A27: 2.8 | B27: 87273 | C27: SINAPI | D27: Revestimento cerâmico para paredes internas com placas tipo esmaltada Extra de dimensões 33x45 cm aplicadas em ambientes de área maior que 5M² na altura inteira das paredes. Af_06/2014 | E27: m² | F27: 14 | G27: 52.99 | H27: =G27*$H$13 -> 68.775721 | I27: novo revestimento de parede = 7 m x 2 m (altura) = 14m² | J27: =F27*H27 -> 962.86009
A28: 2.9 | B28: 87247 | C28: SINAPI | D28: Revestimento cerâmico para piso com placas tipo esmaltada extra de dim Ensões 35x35 cm aplicada em ambientes de área entre 5 m2 e 10 m2. Af_06/2014 | E28: m² | F28: 3.56 | G28: 39.62 | H28: =G28*$H$13 -> 51.422798 | I28: novo revestimento de piso (à ser instalado sobre o piso existente) = 3,56m² | J28: =F28*H28 -> 183.06516
A29: 2.10 | B29: 23.13.020 | C29: CPOS | D29: Porta lisa de madeira, interna, resistente a umidade "PIM RU", para acabamento em pintura, padrão dimensional médio/pesado, com ferragens, completo - 80 x 210 cm | E29: un | F29: 1 | G29: 528.23 | H29: =G29*$H$13 -> 685.58972 | I29: 01 unidade | J29: =F29*H29 -> 685.58972
A30: 2.11 | B30: 44.01.100 | C30: CPOS | D30: Lavatório de louça sem coluna | E30: un | F30: 1 | G30: 110.58 | H30: =G30*$H$13 -> 143.52178 | I30: 01 unidade | J30: =F30*H30 -> 143.52178
A31: 2.12 | B31: 30.08.060 | C31: CPOS | D31: Bacia sifonada de louça para pessoas com mobilidade reduzida - capacidade de 6 litros | E31: un | F31: 1 | G31: 632.94 | H31: =G31*$H$13 -> 821.49283 | I31: 01 unidade | J31: =F31*H31 -> 821.49283
A32: 2.13 | B32: 30.01.061 | C32: CPOS | D32: Barra de apoio lateral para lavatório, para pessoas com mobilidade reduzida, em tubo de aço inoxidável de 1.1/4", comprimento 25 a 30 cm | E32: un | F32: 2 | G32: 147.95 | H32: =G32*$H$13 -> 192.0243 | I32: 02 unidades | J32: =F32*H32 -> 384.04861
A33: 2.14 | B33: 30.01.030 | C33: CPOS | D33: Barra de apoio reta, para pessoas com mobilidade reduzida, em tubo de aço inoxidável de 1 1/2´ x 800 mm | E33: un | F33: 2 | G33: 141.26 | H33: =G33*$H$13 -> 183.34135 | I33: 02 unidades | J33: =F33*H33 -> 366.68271
A34: 2.15 | B34: 30.01.010 | C34: CPOS | D34: Barra de apoio reta, para pessoas com mobilidade reduzida, em tubo de aço inoxidável de 1 1/2´ | E34: m | F34: 2.7 | G34: 167.66 | H34: =G34*$H$13 -> 217.60591 | I34: barra de apoio da bácia sanitária de 70cm + 02 barras do chuveiro de 70cm + 01 barra do chuveiro de 60cm = 2,70m | J34: =F34*H34 -> 587.53597
A35: 2.16 | B35: 44.03.050 | C35: CPOS | D35: Dispenser papel higiênico em ABS para rolão 300 / 600 m, com visor - banheiros masc/fem | E35: un | F35: 1 | G35: 55.39 | H35: =G35*$H$13 -> 71.890681 | I35: 01 unidade | J35: =F35*H35 -> 71.890681
A36: 2.17 | B36: 44.03.130 | C36: CPOS | D36: Saboneteira tipo dispenser, para refil de 800 ml - banheiros masc/fem | E36: un | F36: 1 | G36: 29.63 | H36: =G36*$H$13 -> 38.456777 | I36: 01 unidade | J36: =F36*H36 -> 38.456777
A37: 2.18 | B37: 30.01.120 | C37: CPOS | D37: Barra de apoio reta, para pessoas com mobilidade reduzida, em tubo de aço inoxidável de 1 1/4´ x 400 mm - puxador da porta | E37: un | F37: 1 | G37: 126.83 | H37: =G37*$H$13 -> 164.61266 | I37: barra interna da porta do banheiro | J37: =F37*H37 -> 164.61266
A38: 2.19 | B38: 30.04.060 | C38: CPOS | D38: Revestimento em chapa de aço inoxidável para proteção de portas, altura de 40 cm - 0,80m de largura | E38: m | F38: 0.8 | G38: 323.82 | H38: =G38*$H$13 -> 420.28598 | I38: revestimento de impacto da porta | J38: =F38*H38 -> 336.22878
A39: 2.20 | B39: 41.31.070 | C39: CPOS | D39: Luminária LED quadrada de sobrepor com difusor prismático translúcido, 4000 K, fluxo luminoso de 1363 a 1800 lm, potência de 15 a 19 W | E39: un | F39: 1 | G39: 200.23 | H39: =G39*$H$13 -> 259.87852 | I39: 01 luminária | J39: =F39*H39 -> 259.87852
A40: 2.21 | B40: 44.20.120 | C40: CPOS | D40: Canopla para válvula de descarga | E40: un | F40: 1 | G40: 89.57 | H40: =G40*$H$13 -> 116.2529 | I40: 01 unidade | J40: =F40*H40 -> 116.2529
... A44: 2.25 | B44: 33.10.030 | C44: CPOS | D44: Tinta acrílica antimofo em massa, inclusive preparo | E44: m² | F44: 11.37 | G44: 20.82 | H44: =G44*$H$13 -> 27.022278 | I44: pintura à ser executada na parede acima do revestimento cerâmico+ teto = 3,56 m² + 7,81 m² = 11,37m² | J44: =F44*H44 -> 307.2433
I45: SUB TOTAL | J45: =SUM(J20:J44) -> 6783.5951
A47: 3 | B47: PÁTIO
A48: 3.1 | B48: 04.08.020 | C48: CPOS | D48: Retirada de folha de esquadria em madeira | E48: un | F48: 2 | G48: 15.47 | H48: =G48*$H$13 -> 20.078513 | I48: retirada de duas portas existentes (refeitório + sala dos professores) | J48: =(F48*H48) -> 40.157026
A49: 3.2 | B49: 04.08.060 | C49: CPOS | D49: Retirada de batente com guarnição e peças lineares em madeira, chumbados | E49: m | F49: 9.8 | G49: 9.28 | H49: =G49*$H$13 -> 12.044512 | I49: perímetro das portas = 2,10 m + 2,10 m + 0,70 m x 2 (portas) = 9,80m | J49: =(F49*H49) -> 118.03622
A50: 3.3 | B50: 03.01.250 | C50: CPOS | D50: Demolição mecanizada de pavimento ou piso em concreto, inclusive fragmentação e acomodação do material | E50: m² | F50: 1.44 | G50: 19.46 | H50: =G50*$H$13 -> 25.257134 | I50: demolição dá área onde serão instaladas as soleiras = 0,80 m x 0,15 m x 12 = 1,44m² | J50: =(F50*H50) -> 36.370273
A51: 3.4 | B51: 19.01.064 | C51: CPOS | D51: Peitoril e/ou soleira em granito, espessura de 2 cm e largura de 21 cm até 30 cm, acabamento polido | E51: m | F51: 9.6 | G51: 87.1 | H51: =G51*$H$13 -> 113.04709 | I51: 12 unidades - soleiras em todas as portas = 12 x 0,80 m = 9,60m | J51: =(F51*H51) -> 1085.2521
A52: 3.5 | B52: 25.02.050 | C52: CPOS | D52: Porta veneziana de abrir em alumínio, linha comercial | E52: m² | F52: 5.04 | G52: 541.99 | H52: =G52*$H$13 -> 703.44882 | I52: três portas à serem substituídas (refeitório + sala dos professores + sala de jogos) = 0,80 m x 2,10 m x 3 = 5,04m² | J52: =(F52*H52) -> 3545.3821
A53: 3.6 | B53: 30.03.032 | C53: CPOS | D53: Purificador de pressão elétrico em chapa eletrozincado pré-pintada e tampo em aço inoxidável, capacidade de refrigeração de 2,75 l/h - Modelo acessível - Referência comercial PDF100 fabricação IBBL ou equivalente | E53: un | F53: 1 | G53: 2030.06 | H53: =G53*$H$13 -> 2634.8149 | I53: Remunera inclusive materiais e acessórios necessários para sua instalação e ligação às redes de energia elétrica, água e esgoto. | J53: =(F53*H53) -> 2634.8149
A54: 3.7 | B54: 03.04.020 | C54: CPOS | D54: Demolição manual de revestimento cerâmico, incluindo a base | E54: m² | F54: 8.757 | G54: 8.36 | H54: =G54*$H$13 -> 10.850444 | I54: demolição do revestimento existente no bebedouro = 1,55 m x 5,65 m = 8,757m² | J54: =(F54*H54) -> 95.017338
A55: 3.8 | B55: 87273 | C55: SINAPI | D55: Revestimento cerâmico para paredes internas com placas tipo esmaltada Extra de dimensões 33x45 cm aplicadas em ambientes de área maior que 5M² na altura inteira das paredes. Af_06/2014 | E55: m² | F55: 8.757 | G55: 52.99 | H55: =G55*$H$13 -> 68.775721 | I55: novo revestimento à ser executado = 8,757m² | J55: =(F55*H55) -> 602.26899
A56: 3.9 | B56: 24.08.020 | C56: CPOS | D56: Corrimão duplo em tubo de aço inoxidável escovado, com diâmetro de 1 1/2´ e montantes com diâmetro de 2´ | E56: m | F56: 13.6 | G56: 634.25 | H56: =G56*$H$13 -> 823.19308 | I56: corrimão à ser instalado na rampa de acesso ao palco = 13,60m | J56: =(F56*H56) -> 11195.426
A57: 3.10 | B57: 14.04.210 | C57: CPOS | D57: Alvenaria de bloco cerâmico de vedação, uso revestido, de 14 cm | E57: m² | F57: 2.26 | G57: 56.71 | H57: =G57*$H$13 -> 73.603909 | I57: alvenaria à executar na rampa de acesso ao palco = 2,26m² | J57: =(F57*H57) -> 166.34483
A58: 3.11 | B58: 03.01.250 | C58: CPOS | D58: Demolição mecanizada de pavimento ou piso em concreto, inclusive fragmentação e acomodação do material | E58: m² | F58: 7.2 | G58: 19.46 | H58: =G58*$H$13 -> 25.257134 | I58: demolição do piso existente, onde serão executados os rebaixamentos das guias = 3,60m² x 2 (rampas) = 7,20m² | J58: =(F58*H58) -> 181.85136
A59: 3.12 | B59: 54.01.010 | C59: CPOS | D59: Regularização e compactação mecanizada de superfície, sem controle do proctor normal | E59: m² | F59: 16.5 | G59: 2.02 | H59: =G59*$H$13 -> 2.621758 | I59: regularização das áreas onde serão executados o rebaixamento da guia + rampa de acesso ao palco = 7,20m² (rebaixamento das guias) + 9,30m² (rampa de acesso ao palco) = 16,50m² | J59: =(F59*H59) -> 43.259007
A60: 3.13 | B60: 11.18.040 | C60: CPOS | D60: Lastro de pedra britada - 3cm | E60: m³ | F60: 0.504 | G60: 115.04 | H60: =G60*$H$13 -> 149.31042 | I60: lastro do rebaixamento da guia + rampa de acesso ao palco = 3,60 m² x 0,03 m = 0,108m³ x 2 (rampas) = 0,216m³ + (9,60 m² x 0,03 m) = 0,504m³ | J60: =(F60*H60) -> 75.25245
A61: 3.14 | B61: 11.03.090 | C61: CPOS | D61: Concreto preparado no local, fck = 20 Mpa - 6cm | E61: m³ | F61: 1.008 | G61: 357.22 | H61: =G61*$H$13 -> 463.63584 | I61: concreto para execução do rebaixamento da guia + rampa de acesso ao palco= 3,60 m² x 0,06 m = 0,216m³ x 2 (rampas) = 0,432m³ + (9,60 m² x 0,06 m) = 1,008m³ | J61: =(F61*H61) -> 467.34492
A62: 3.15 | B62: 17.02.020 | C62: CPOS | D62: Chapisco | E62: m² | F62: 2.26 | G62: 4.95 | H62: =G62*$H$13 -> 6.424605 | I62: chapisco na alvenaria executada - rampa de acesso ao palco = 2,26m² | J62: =(F62*H62) -> 14.519607
A63: 3.16 | B63: 17.02.220 | C63: CPOS | D63: Reboco | E63: m² | F63: 2.26 | G63: 9.08 | H63: =G63*$H$13 -> 11.784932 | I63: reboco na área chapiscada = 2,26m² | J63: =(F63*H63) -> 26.633946
A64: 3.17 | B64: 11.16.020 | C64: CPOS | D64: Lançamento, espalhamento e adensamento de concreto ou massa em lastro e/ou enchimento | E64: m³ | F64: 1.008 | G64: 58.79 | H64: =G64*$H$13 -> 76.303541 | I64: volume de concreto a ser utilizado no item 3.2.14 = 1,008m³ | J64: =(F64*H64) -> 76.913969
A65: 3.18 | B65: 03.01.020 | C65: CPOS | D65: Demolição manual de concreto simples | E65: m³ | F65: 0.505 | G65: 153.34 | H65: =G65*$H$13 -> 199.01999 | I65: demolição do piso existente para adequação/entrada da escola = 5,05 m² x 0,10 m = 0,505m³ | J65: =(F65*H65) -> 100.50509
A66: 3.19 | B66: 17.05.020 | C66: CPOS | D66: Piso com requadro em concreto simples sem controle de fck | E66: m³ | F66: 0.505 | G66: 595.86 | H66: =G66*$H$13 -> 773.36669 | I66: novo piso a ser executado = 0,505m³ | J66: =(F66*H66) -> 390.55018
A67: 3.20 | B67: 03.02.040 | C67: CPOS | D67: Demolição manual de alvenaria de elevação ou elemento vazado, incluindo revestimento | E67: m³ | F67: 0.504 | G67: 55.76 | H67: =G67*$H$13 -> 72.370904 | I67: demolição da alvenaria existente, onde será instalado o portão de acesso ao novo depósito = 1,60 m x 2,10 m = 3,36m² x 0,15 m = 0,504m³ | J67: =(F67*H67) -> 36.474936
A68: 3.21 | B68: 24.02.060 | C68: CPOS | D68: Porta/portão de abrir em chapa, sob medida | E68: m² | F68: 3.36 | G68: 815.99 | H68: =G68*$H$13 -> 1059.0734 | I68: instalação do portão de acesso ao novo depósito = 1,60 m x 2,10 m = 3,36m² | J68: =(F68*H68) -> 3558.4867
I69: SUB TOTAL | J69: =SUM(J48:J68) -> 24490.862
A71: 4 | B71: BRINQUEDOTECA
A72: 4.1 | B72: 04.09.020 | C72: CPOS | D72: Retirada de esquadria metálica em geral | E72: m² | F72: 11.52 | G72: 21.64 | H72: =G72*$H$13 -> 28.086556 | I72: 06 janelas = 11,52m² | J72: =(F72*H72) -> 323.55713
A73: 4.2 | B73: 04.09.040 | C73: CPOS | D73: Retirada de folha de esquadria metálica | E73: un | F73: 3 | G73: 18.13 | H73: =G73*$H$13 -> 23.530927 | I73: retirada de 03 portas existentes na brinquedoteca | J73: =(F73*H73) -> 70.592781
A74: 4.3 | B74: 03.04.020 | C74: CPOS | D74: Demolição manual de revestimento cerâmico, incluindo a base | E74: m² | F74: 59.64 | G74: 8.36 | H74: =G74*$H$13 -> 10.850444 | I74: demolição do piso existente = 59,64m² | J74: =(F74*H74) -> 647.12048
A75: 4.4 | B75: 04.01.020 | C75: CPOS | D75: Retirada de divisória em placa de madeira ou fibrocimento tarugada | E75: m² | F75: 18 | G75: 25.46 | H75: =G75*$H$13 -> 33.044534 | I75: retirada da divisória existente = 6 m x 3 m = 18m² | J75: =(F75*H75) -> 594.80161
A76: 4.5 | B76: 03.02.040 | C76: CPOS | D76: Demolição manual de alvenaria de elevação ou elemento vazado, incluindo revestimento | E76: m³ | F76: 0.258 | G76: 55.76 | H76: =G76*$H$13 -> 72.370904 | I76: demolição da alvenaria existente na brinquedoteca, para a instalação das novas esquadrias = 0,258m³ + | J76: =(F76*H76) -> 18.671693
A77: 4.6 | B77: 14.04.210 | C77: CPOS | D77: Alvenaria de bloco cerâmico de vedação, uso revestido, de 14 cm | E77: m² | F77: 3.6 | G77: 56.71 | H77: =G77*$H$13 -> 73.603909 | I77: alvenaria de vedação nos locais onde foram retiradas as esquadrias existentes = 3,60m² | J77: =(F77*H77) -> 264.97407
A78: 4.7 | B78: 17.02.020 | C78: CPOS | D78: Chapisco | E78: m² | F78: 12.24 | G78: 4.95 | H78: =G78*$H$13 -> 6.424605 | I78: chapisco onde serão executados os novos pontos de alvenaria = 3,60m² x 2 (lados) + faces internas da nova rampa = 7,20m² + 5,04m² = 12,24m² | J78: =(F78*H78) -> 78.637165
A79: 4.8 | B79: 17.02.220 | C79: CPOS | D79: Reboco | E79: m² | F79: 12.24 | G79: 9.08 | H79: =G79*$H$13 -> 11.784932 | I79: reboco onde será executado o chapisco = 12,24m² | J79: =(F79*H79) -> 144.24757
A80: 4.9 | B80: 11.20.130 | C80: CPOS | D80: Tratamento de fissuras estáveis (não ativas) em elementos de concreto | E80: m | F80: 3 | G80: 182.64 | H80: =G80*$H$13 -> 237.04846 | I80: tratamento das fissuras existentes na laje | J80: =(F80*H80) -> 711.14537
A81: 4.10 | B81: 03.01.250 | C81: CPOS | D81: Demolição mecanizada de pavimento ou piso em concreto, inclusive fragmentação e acomodação do material | E81: m² | F81: 29.54 | G81: 19.46 | H81: =G81*$H$13 -> 25.257134 | I81: demolição do piso existente paralelo a brinquedoteca = 29,54m² | J81: =(F81*H81) -> 746.09574
A82: 4.11 | B82: 54.01.010 | C82: CPOS | D82: Regularização e compactação mecanizada de superfície, sem controle do proctor normal | E82: m² | F82: 29.54 | G82: 2.02 | H82: =G82*$H$13 -> 2.621758 | I82: regularização para executar o novo piso = 29,54m² | J82: =(F82*H82) -> 77.446731
A83: 4.12 | B83: 93205 | C83: SINAPI | D83: Cinta de amarração de alvenaria moldada in loco com utilização de blocos canaleta. Af_03/2016 | E83: m | F83: 13.5 | G83: 29 | H83: =G83*$H$13 -> 37.6391 | I83: cinta a ser executada antes da fixação do gradil = 13,50m | J83: =(F83*H83) -> 508.12785
A84: 4.13 | B84: 03.03.040 | C84: CPOS | D84: Demolição manual de revestimento em massa de parede ou teto | E84: m² | F84: 7.32 | G84: 4.19 | H84: =G84*$H$13 -> 5.438201 | I84: demolição do reboco existente, na parede de fixação do gradil = 12,20 m x 0,60 m = 7,32m² | J84: =(F84*H84) -> 39.807631
A85: 4.14 | B85: 32.17.010 | C85: CPOS | D85: Impermeabilização em argamassa impermeável com aditivo hidrófugo | E85: m³ | F85: 0.146 | G85: 582.83 | H85: =G85*$H$13 -> 756.45506 | I85: novo reboco à ser executado - espessura de 2cm = 7,32 m² x 0,02 m = 0,146m³ | J85: =(F85*H85) -> 110.44244
A86: 4.15 | B86: 04.09.100 | C86: CPOS | D86: Retirada de guarda-corpo ou gradil em geral | E86: m² | F86: 13.5 | G86: 21.64 | H86: =G86*$H$13 -> 28.086556 | I86: retirada do gradil existente = 13,50m x 1 m = 13,50m² | J86: =(F86*H86) -> 379.16851
A87: 4.16 | B87: 33.01.350 | C87: CPOS | D87: Preparo de base para superfície metálica com fundo antioxidante | E87: m² | F87: 10 | G87: 11.36 | H87: =G87*$H$13 -> 14.744144 | I87: preparo do gradil que será reutilizado = 10 m x 1 m = 10m² | J87: =(F87*H87) -> 147.44144
A88: 4.17 | B88: 33.07.102 | C88: CPOS | D88: Esmalte a base de água em estrutura metálica | E88: m² | F88: 10 | G88: 32.9 | H88: =G88*$H$13 -> 42.70091 | I88: pintura do gradil que será reutilizado = 10 m x 1 m = 10m² | J88: =(F88*H88) -> 427.0091
A89: 4.18 | B89: 24.20.020 | C89: CPOS | D89: Recolocação de esquadrias metálicas | E89: m² | F89: 10 | G89: 30.91 | H89: =G89*$H$13 -> 40.118089 | I89: recolocação do gradil = 10 m x 1 m = 10m² | J89: =(F89*H89) -> 401.18089
A90: 4.19 | B90: 34.05.310 | C90: CPOS | D90: Gradil de ferro perfilado, tipo parque | E90: m² | F90: 3.5 | G90: 335.31 | H90: =G90*$H$13 -> 435.19885 | I90: novo gradil à ser instalado = 3,50 m x 1 m = 3,50m² | J90: =(F90*H90) -> 1523.196
A91: 4.20 | B91: 11.18.040 | C91: CPOS | D91: Lastro de pedra britada - 3cm | E91: m³ | F91: 0.886 | G91: 115.04 | H91: =G91*$H$13 -> 149.31042 | I91: lastro para a execução da nova rampa = 29,54 m² x 0,03 m = 0,886m³ | J91: =(F91*H91) -> 132.28903
A92: 4.21 | B92: 11.03.090 | C92: CPOS | D92: Concreto preparado no local, fck = 20 Mpa - 6cm | E92: m³ | F92: 1.772 | G92: 357.22 | H92: =G92*$H$13 -> 463.63584 | I92: concreto para a execução da nova rampa = 29,54 m² x 0,06 m = 1,772m³ | J92: =(F92*H92) -> 821.5627
A93: 4.22 | B93: 11.16.020 | C93: CPOS | D93: Lançamento, espalhamento e adensamento de concreto ou massa em lastro e/ou enchimento | E93: m³ | F93: 1.772 | G93: 58.79 | H93: =G93*$H$13 -> 76.303541 | I93: volume de concreto a ser utilizado no item 3.3.9 = 1,772m³ | J93: =(F93*H93) -> 135.20987
A94: 4.23 | B94: 87247 | C94: SINAPI | D94: Revestimento cerâmico para piso com placas tipo esmaltada extra de dim Ensões 35x35 cm aplicada em ambientes de área entre 5 m2 e 10 m2. Af_06/2014 | E94: m² | F94: 59.64 | G94: 39.62 | H94: =G94*$H$13 -> 51.422798 | I94: novo revestimento a ser instalado na brinquedoteca = 59,64m² | J94: =(F94*H94) -> 3066.8557
A95: 4.24 | B95: 33.10.050 | C95: CPOS | D95: Tinta acrílica em massa, inclusive preparo | E95: m² | F95: 148.69 | G95: 20.71 | H95: =G95*$H$13 -> 26.879509 | I95: nova pintura a ser executada interna + externa (inclusive parede do depósito + parede no final da rampa)= 148,69m² | J95: =(F95*H95) -> 3996.7142
A96: 4.25 | B96: 41.31.070 | C96: CPOS | D96: Luminária LED quadrada de sobrepor com difusor prismático translúcido, 4000 K, fluxo luminoso de 1363 a 1800 lm, potência de 15 a 19 W | E96: un | F96: 6 | G96: 200.23 | H96: =G96*$H$13 -> 259.87852 | I96: 06 luminárias | J96: =(F96*H96) -> 1559.2711
A97: 4.26 | B97: 24.02.410 | C97: CPOS | D97: Porta em ferro de correr, para receber vidro, sob medida | E97: m² | F97: 5.46 | G97: 1151.22 | H97: =G97*$H$13 -> 1494.1684 | I97: área da porta = 2,60 m x 2,10 m = 5,46m² | J97: =(F97*H97) -> 8158.1597
A98: 4.27 | B98: 26.02.060 | C98: CPOS | D98: Vidro temperado incolor de 10 mm | E98: m² | F98: 5.46 | G98: 227.53 | H98: =G98*$H$13 -> 295.31119 | I98: área da porta = 2,60 m x 2,10 m = 5,46m² | J98: =(F98*H98) -> 1612.3991
A99: 4.28 | B99: 25.01.380 | C99: CPOS | D99: Caixilho em alumínio de correr com vidro - branco | E99: m² | F99: 10.62 | G99: 602.68 | H99: =G99*$H$13 -> 782.21837 | I99: instalação das novas janelas - 5 unidades = 10,62m² | J99: =(F99*H99) -> 8307.1591
A100: 4.29 | B100: 24.02.450 | C100: CPOS | D100: Grade de proteção para caixilhos | E100: m² | F100: 7.02 | G100: 760.93 | H100: =G100*$H$13 -> 987.61105 | I100: grade de proteção em 03 janelas - 1,95 m x 1,20 m x 3 = 7,02m² | J100: =(F100*H100) -> 6933.0295
A101: 4.30 | B101: 24.08.020 | C101: CPOS | D101: Corrimão duplo em tubo de aço inoxidável escovado, com diâmetro de 1 1/2´ e montantes com diâmetro de 2´ | E101: m | F101: 18 | G101: 634.25 | H101: =G101*$H$13 -> 823.19308 | I101: corrimão à ser instalado na rampa = 18m | J101: =(F101*H101) -> 14817.475
A102: 4.31 | B102: 23.08.100 | C102: CPOS | D102: Armário tipo prateleira com subdivisão em compensado, revestido totalmente em laminado fenólico melamínico | E102: m² | F102: 2.792 | G102: 1148.64 | H102: =G102*$H$13 -> 1490.8199 | I102: 04 unidades de armários, nas dimensões (105 cm x 66,5 cm) = 2,792m² | J102: =(F102*H102) -> 4162.369
A103: 4.32 | B103: 23.08.220 | C103: CPOS | D103: Armário sob medida em compensado de madeira totalmente revestido em laminado melamínico texturizado, completo | E103: m² | F103: 2.94 | G103: 1411.23 | H103: =G103*$H$13 -> 1831.6354 | I103: armário nas dimensões = 1,40 m x 2,10 m = 2,94m² | J103: =(F103*H103) -> 5385.0081
A104: 4.33 | B104: 23.08.080 | C104: CPOS | D104: Prateleira sob medida em compensado, revestida nas duas faces em laminado fenólico melamínico | E104: m² | F104: 1.52 | G104: 495.73 | H104: =G104*$H$13 -> 643.40797 | I104: locais e dimensões das prateleiras a serem definidas, projeção horizontal total = 1,52m² | J104: =(F104*H104) -> 977.98011
A105: 4.34 | B105: 33.03.350 | C105: CPOS | D105: Pintura especial em esmalte para lousa cor preta | E105: m² | F105: 5.67 | G105: 19.75 | H105: =G105*$H$13 -> 25.633525 | I105: pintura à ser executada nas dimensões: 2,70 m x 2,10 m = 5,67m² | J105: =(F105*H105) -> 145.34209
I106: SUB TOTAL | J106: =SUM(J72:J105) -> 67424.489
A108: 5 | B108: SINALIZAÇÃO
A109: 5.1 | B109: 03.01.250 | C109: CPOS | D109: Demolição mecanizada de pavimento ou piso em concreto, inclusive fragmentação e acomodação do material (para piso podotátil) | E109: m² | F109: 12.65 | G109: 19.46 | H109: =G109*$H$13 -> 25.257134 | I109: demolição de toda área demarcada para a fixação do piso podotátil | J109: =(F109*H109) -> 319.50275
A110: 5.2 | B110: 01.23.070 | C110: CPOS | D110: Demarcação de área com disco de corte diamantado (para piso podotátil) | E110: m | F110: 109.5 | G110: 3.66 | H110: =G110*$H$13 -> 4.750314 | I110: perímetro de toda extensão do podotátil a ser executado | J110: =(F110*H110) -> 520.15938
A111: 5.3 | B111: 30.04.030 | C111: CPOS | D111: Piso em ladrilho hidráulico podotátil várias cores (25x25x2,5cm), assentado com argamassa mista (fixado embutido no cimentado) | E111: m² | F111: 12.65 | G111: 104.2 | H111: =G111*$H$13 -> 135.24118 | I111: 139 peças de alerta + 64 peças direcional | J111: =(F111*H111) -> 1710.8009
...

Sheet MERCADO
A3: OBRA: PROJETO DE ACESSIBILIDADE
A4: LOCAL: EMEI Prof. Célia Antunes de Proença
A5: DATA: 20/07/2020
A7: PREÇO DE MERCADO | H7: Empresa 1 | I7: Empresa 2 | J7: Empresa 3 | K7: MÉDIA
A8: Referência | B8: Item | C8: Descrição | D8: Quant. | E8: Unidade | F8: Valor Unitario | G8: Valor Total
A9: MERCADO | B9: 6.10 | C9: Chapa metálica h=40 cm para portas de sanitários | D9: 4 | E9: un | F9: =K9 -> 113.34667 | G9: =D9*F9 -> 453.38667 | H9: Submarino | I9: Shoptime | J9: Americanas | K9: =SUM(H10:J10)/3 -> 113.34667
A10: MERCADO | B10: 6.9 | C10: Chapa metálica h=40 cm para portas de sanitários | D10: 4 | E10: un | G10: =D10*F10 -> 0 | H10: 114.9 | I10: 109.15 | J10: 115.99

Sheet Plan2

Sheet Plan3

Sheet Cronograma Físico -Financeiro
B2: PREFEITURA MUNICIPAL DE PILAR DO SUL
B3: SECRETARIA DE OBRAS, INFRAESTRUTURA E URBANISMO
A7: OBJETO: ADEQUAÇÃO ACESSIBILIDADE E REFORMA DA BRINQUEDOTECA
A8: LOCAL: EMEF PROF. CÉLIA ANTUNES DE PROENÇA
A9: Área (m²) | B9: ='Planilha Estimativa'!B9 -> 0
A10: CRONOGRAMA FÍSICO-FINANCEIRO | D10: PRAZO DA OBRA: 6 MESES
A12: ITEM | B12: DESCRIMINAÇÃO | C12: ETAPA | D12: 1 MÊS | E12: 2 MÊS | F12: 3 MÊS | G12: 4 MÊS | H12: 5 MÊS | I12: 6 MÊS
A13: ='Planilha Estimativa'!A15 -> 1 | B13: ='Planilha Estimativa'!B15:J15 -> ADMINISTRAÇÃO LOCAL | C13: ='Planilha Estimativa'!J17 -> 5678.4 | D13: =$C$13*D14 -> 946.4 | E13: =$C$13*E14 -> 946.4 | F13: =$C$13*F14 -> 946.4 | G13: =$C$13*G14 -> 946.4 | H13: =$C$13*H14 -> 946.4 | I13: =$C$13*I14 -> 946.4
B14: % | C14: =C13/C26 -> 0.049184 | D14: 0.16666667 | E14: 0.16666667 | F14: 0.16666667 | G14: 0.16666667 | H14: 0.16666667 | I14: 0.16666667
A15: ='Planilha Estimativa'!A19 -> 2 | B15: ='Planilha Estimativa'!B19:J19 -> BANHEIRO ACESSÍVEL | C15: ='Planilha Estimativa'!J45 -> 6783.5951 | D15: =$C$15*D16 -> 2179.5691 | E15: =$C$15*E16 -> 4604.026
B16: % | C16: =C15/C26 -> 0.058756752 | D16: 0.3213 | E16: =1-D16 -> 0.6787
A17: ='Planilha Estimativa'!A47 -> 3 | B17: ='Planilha Estimativa'!B47:J47 -> PÁTIO | C17: ='Planilha Estimativa'!J69 -> 24490.862 | D17: =$C$17*D18 -> 5373.295 | E17: =$C$17*E18 -> 15608.026 | F17: =$C$17*F18 -> 3509.5405
B18: % | C18: =C17/C26 -> 0.21212992 | D18: 0.2194 | E18: 0.6373 | F18: =1-D18-E18 -> 0.1433
A19: ='Planilha Estimativa'!A71 -> 4 | B19: ='Planilha Estimativa'!B71:J71 -> BRINQUEDOTECA | C19: ='Planilha Estimativa'!J106 -> 67424.489 | F19: =$C$19*F20 -> 3438.6489 | G19: =$C$19*G20 -> 43070.763 | H19: =$C$19*H20 -> 20915.076
B20: % | C20: =C19/C26 -> 0.5840036 | F20: 0.051 | G20: 0.6388 | H20: =1-F20-G20 -> 0.3102
A21: ='Planilha Estimativa'!A108 -> 5 | B21: ='Planilha Estimativa'!B108:J108 -> SINALIZAÇÃO | C21: ='Planilha Estimativa'!J119 -> 5959.3645 | H21: =$C$21*H22 -> 2854.5356 | I21: =$C$21*I22 -> 3104.8289
B22: % | C22: =C21/C26 -> 0.051617601 | H22: 0.479 | I22: =1-H22 -> 0.521
A23: ='Planilha Estimativa'!A121 -> 6 | B23: ='Planilha Estimativa'!B121:J121 -> SERVIÇOS COMPLEMENTARES | C23: ='Planilha Estimativa'!J125 -> 5115.4691 | D23: =$C$23*D24 -> 493.4893 | I23: =$C$23*I24 -> 4621.9798
B24: % | C24: =C23/C26 -> 0.044308121 | D24: 0.09647 | I24: =1-D24 -> 0.90353
A26: RESUMO DO ORÇAMENTO | C26: =SUM(C13,C15,C17,C19,C21,C23,) -> 115452.18
A27: TOTAL (R$) | D27: =SUM(D13,D15,D17,D23) -> 8992.7535 | E27: =SUM(E13,E15,E17) -> 21158.452 | F27: =SUM(F13,F17,F19) -> 7894.5894 | G27: =SUM(G13,G19) -> 44017.163 | H27: =SUM(H13,H19,H21) -> 24716.012 | I27: =SUM(I13,I21,I23) -> 8673.2087
A28: TOTAL (%) | D28: =D27/$C$26 -> 0.077891587 | E28: =E27/$C$26 -> 0.18326594 | F28: =F27/$C$26 -> 0.068379735 | G28: =G27/$C$26 -> 0.38125884 | H28: =H27/$C$26 -> 0.21408008 | I28: =I27/$C$26 -> 0.07512382
A29: ACUMULADO (R$) | D29: =D27 -> 8992.7535 | E29: =D29+E27 -> 30151.206 | F29: =E29+F27 -> 38045.795 | G29: =F29+G27 -> 82062.958 | H29: =G29+H27 -> 106778.97 | I29: =H29+I27 -> 115452.18
A30: ACUMULADO (%) | D30: =D28 -> 0.077891587 | E30: =D30+E28 -> 0.26115753 | F30: =E30+F28 -> 0.32953726 | G30: =F30+G28 -> 0.7107961 | H30: =G30+H28 -> 0.92487618 | I30: =H30+I28 -> 1
A31: OBS.: 1 - OS PRAZOS DAS ETAPAS SERÃO CONSIDERADOS A PARTIR DA DATA DA ASSINATURA DA ORDEM DE SERVIÇO INICIAL EMITIDA PELO PREFEITURA.
B34: Pilar do Sul, 05 de fevereiro de 2021.

Sheet Administração_Local
A1: OBRA: ADEQUAÇÃO A ACESSIBILIDADE NOS PRÉDIOS PÚBLICOS | D1: FONTE DE CUSTO:
D2: SINAPI : DEZEMBRO/2020
D3: COM DESONERAÇÃO
A4: LOCAL: EMEI Prof. Célia Antunes de Proença | D4: ENCARGOS SOCIAIS SOBRE PREÇOS DA MÃO-DE-OBRA:
A7: PLANILHA DE COMPOSIÇÃO - ADMINISTRAÇÃO LOCAL
A8: ITEM | B8: COD. | C8: DESCRIÇÃO | D8: UND. | E8: QUANT. | F8: SALÁRIO/HORA | G8: CUSTO TOTAL
A9: 1.0 | C9: EQUIPE TÉCNICA
A10: 1.1 | B10: 90777 SINAPI | C10: ENGENHEIRO CIVIL DE OBRA JUNIOR COM ENCARGOS COMPLEMENTARES | D10: H | E10: 24 | F10: 81.3 | G10: =ROUND(F10,2)*E10 -> 1951.2
A11: 1.2 | B11: 90776 SINAPI | C11: ENCARREGADO GERAL COM ENCARGOS COMPLEMENTARES | D11: H | E11: 120 | F11: 31.06 | G11: =ROUND(F11,2)*E11 -> 3727.2
A12: TOTAL | G12: =SUM(G10,G11) -> 5678.4
A13: Permanência do engenheiro na obra = 4 horas por mês x 6 mêses = 24 horas
A14: Permanência do encarregado na obra = 20 horas por mês x 6 mêses = 120 horas
